[Event "Panchenko Memorial 2019"]
[Site "Chelyabinsk"]
[Date "2019.09.15"]
[Round "7.6"]
[White "Kotsur, Pavel"]
[Black "Vokarev, Sergey"]
[Result "0-1"]
[ECO "C99"]
[WhiteElo "2528"]
[BlackElo "2443"]
[Annotator "ChessBase"]
[PlyCount "94"]
[EventDate "2019.09.09"]
[EventType "swiss"]
[EventCountry "RUS"]
[SourceTitle "playchess.com"]
[Source "ChessBase"]
[SourceQuality "1"]
[TimeControl "5400+30"]

1. e4 e5 2. Nf3 Nc6 3. Bb5 a6 4. Ba4 Nf6 5. O-O Be7 6. Re1 b5 7. Bb3 d6 8. c3 O-O 9. h3 Na5 10. Bc2 c5 11. d4 Qc7 12. Nbd2 cxd4 13. cxd4 Nc6 14. Nb3 a5 15. Be3 a4 16. Nbd2 Bd7 17. Rc1 Rac8 18. Bb1 Qb8 19. Qe2 h6 20. Nf1 Bd8 21. d5 Ne7 22. Rxc8 Qxc8 23. Rc1 Qa6 24. Ne1 Bb6 25. Bd2 Rc8 26. Rd1 Qa7 27. Nd3 Ne8 28. Ng3 Ng6 29. Qf3 Ba5 30. Nb4 Bb6 31. a3 Nf6 32. Nf5 Bxf5 33. Qxf5 Ne7 34. Qf3 Bd4 35. Bd3 Qb6 36. Nc2 Nd7 37. Nxd4 exd4 38. Bxh6 Ne5 39. Qg3 N7g6 40. Bf4 b4 41. axb4 Qxb4 42. Bc1 Qb3 43. Be2 d3 44. Bg4 Qxd1+ 45. Bxd1 Rxc1 46. f4 Rxd1+ 47. Kh2 d2 0-1

[Event "Panchenko Memorial 2019"]
[Site "Chelyabinsk"]
[Date "2019.09.15"]
[Round "7.7"]
[White "Badelka, Olga"]
[Black "Zakhartsov, Vladimir"]
[Result "1-0"]
[ECO "D83"]
[WhiteElo "2399"]
[BlackElo "2519"]
[Annotator "ChessBase"]
[PlyCount "109"]
[EventDate "2019.09.09"]
[EventType "swiss"]
[EventCountry "RUS"]
[SourceTitle "playchess.com"]
[Source "ChessBase"]
[SourceQuality "1"]
[TimeControl "5400+30"]

1. d4 Nf6 2. c4 g6 3. Nc3 d5 4. Bf4 Bg7 5. e3 O-O 6. Rc1 c5 7. dxc5 Be6 8. Nf3 Nc6 9. cxd5 Nxd5 10. Nxd5 Qxd5 11. Qxd5 Bxd5 12. Bc4 Bxb2 13. Rc2 Bxc4 14. Rxc4 Rfd8 15. Ke2 Rd7 16. Rb1 Bg7 17. g4 e5 18. Bg3 f6 19. Nd2 Bf8 20. Ne4 Be7 21. f4 f5 22. gxf5 gxf5 23. Nd6 Bxd6 24. cxd6 e4 25. Rc5 Rf8 26. Bh4 h6 27. Rd5 Kh7 28. a3 Kg6 29. Rg1+ Kh5 30. Bf2 Rf6 31. Rgd1 Kg6 32. Be1 b6 33. Bc3 Rf8 34. Rg1+ Kh7 35. h4 Na5 36. Bxa5 bxa5 37. h5 Rb8 38. Rc1 Rb2+ 39. Kf1 Kg7 40. Rc7 Rxc7 41. dxc7 Rc2 42. Rd7+ Kf6 43. Rh7 Ke6 44. Rxh6+ Kd7 45. Rh7+ Kc8 46. Rf7 Rh2 47. Rxf5 Kxc7 48. Rxa5 Rh3 49. Kf2 Rh2+ 50. Kg3 Re2 51. h6 Rxe3+ 52. Kg4 Re1 53. Rh5 Rg1+ 54. Kf5 e3 55. Rh2 1-0

[Event "Panchenko Memorial 2019"]
[Site "Chelyabinsk"]
[Date "2019.09.15"]
[Round "7.8"]
[White "Meister, Jakob"]
[Black "Lobanov, Sergei"]
[Result "0-1"]
[ECO "C78"]
[WhiteElo "2410"]
[BlackElo "2515"]
[Annotator "ChessBase"]
[PlyCount "88"]
[EventDate "2019.09.09"]
[EventType "swiss"]
[EventCountry "RUS"]
[SourceTitle "playchess.com"]
[Source "ChessBase"]
[SourceQuality "1"]
[TimeControl "5400+30"]

1. e4 e5 2. Nf3 Nc6 3. Bb5 a6 4. Ba4 Nf6 5. O-O b5 6. Bb3 Bc5 7. d3 d6 8. a4 b4 9. Be3 Bxe3 10. fxe3 O-O 11. Nbd2 Ne7 12. Nh4 Be6 13. Bxe6 fxe6 14. Qf3 d5 15. Qg3 Qd6 16. exd5 exd5 17. d4 e4 18. Qh3 g6 19. Nb3 Nd7 20. g3 Kg7 21. Ng2 h6 22. Qg4 Nf6 23. Qe2 g5 24. Nc5 a5 25. c4 c6 26. Rac1 Kg6 27. cxd5 cxd5 28. Rc2 Rab8 29. Nb3 Qd7 30. Nc5 Qh3 31. Ne1 Ng4 32. Rxf8 Rxf8 33. Qg2 Qxg2+ 34. Nxg2 Rf3 35. Nb7 Nxe3 36. Nxe3 Rxe3 37. Nxa5 Rd3 38. Nc6 Nxc6 39. Rxc6+ Kf5 40. Rc1 Rd2 41. Rb1 e3 42. a5 Ke4 43. a6 e2 44. a7 Kf3 0-1

[Event "Panchenko Memorial 2019"]
[Site "Chelyabinsk"]
[Date "2019.09.15"]
[Round "7.9"]
[White "Solozhenkin, Evgeniy"]
[Black "Korneev, Oleg"]
[Result "1/2-1/2"]
[ECO "D45"]
[WhiteElo "2394"]
[BlackElo "2511"]
[Annotator "ChessBase"]
[PlyCount "74"]
[EventDate "2019.09.09"]
[EventType "swiss"]
[EventCountry "RUS"]
[SourceTitle "playchess.com"]
[Source "ChessBase"]
[SourceQuality "1"]
[TimeControl "5400+30"]

1. d4 Nf6 2. c4 e6 3. Nf3 d5 4. Nc3 c6 5. e3 Nbd7 6. Qc2 b6 7. Be2 Bb7 8. O-O Be7 9. b3 O-O 10. Bb2 Rc8 11. e4 c5 12. exd5 exd5 13. Nxd5 Nxd5 14. cxd5 cxd4 15. Qd2 Nf6 16. Nxd4 Nxd5 17. Rac1 Rxc1 18. Qxc1 Bg5 19. Qc4 Qd7 20. Bf3 Bf6 21. Rd1 Rc8 22. Qf1 h6 23. g3 Ba8 24. Ba1 Rd8 25. Qg2 Qe8 26. h3 Ne3 27. fxe3 Qxe3+ 28. Qf2 Qxf3 29. Nxf3 Rxd1+ 30. Kh2 Rxa1 31. Qe2 Bd5 32. g4 Bxf3 33. Qxf3 Rxa2+ 34. Kh1 Ra1+ 35. Kg2 Ra2+ 36. Kh1 Ra1+ 37. Kg2 Ra2+ 1/2-1/2

[Event "Panchenko Memorial 2019"]
[Site "Chelyabinsk"]
[Date "2019.09.15"]
[Round "7.10"]
[White "Yudin, Sergei"]
[Black "Sitnikov, Anton"]
[Result "1-0"]
[ECO "C05"]
[WhiteElo "2494"]
[BlackElo "2405"]
[Annotator "ChessBase"]
[PlyCount "95"]
[EventDate "2019.09.09"]
[EventType "swiss"]
[EventCountry "RUS"]
[SourceTitle "playchess.com"]
[Source "ChessBase"]
[SourceQuality "1"]
[TimeControl "5400+30"]

1. e4 e6 2. d4 d5 3. Nd2 Nf6 4. e5 Nfd7 5. f4 c5 6. Ngf3 Nc6 7. Nb3 c4 8. Nbd2 Qa5 9. c3 b5 10. b4 Qb6 11. Rb1 a5 12. a3 axb4 13. axb4 Ra2 14. Be2 Qa7 15. Nf1 Nb6 16. Ne3 Be7 17. O-O O-O 18. Kh1 Bd7 19. Bd2 f6 20. exf6 Bxf6 21. Qe1 Be8 22. Ng5 Bg6 23. Rd1 Qe7 24. Bg4 Bxg5 25. fxg5 Rxf1+ 26. Nxf1 Bf5 27. Bf3 Bc2 28. Ra1 Rxa1 29. Qxa1 Qa7 30. Qe1 Qf7 31. Qg3 Be4 32. Qd6 Bxf3 33. Qxc6 Be4 34. Kg1 Nd7 35. Qxb5 h5 36. gxh6 gxh6 37. Ng3 Bd3 38. Bxh6 Kh7 39. Be3 Nf6 40. Qb8 Ne4 41. Bf4 Nxc3 42. Qe5 Bg6 43. h4 Nb5 44. Qg5 c3 45. Qh6+ Kg8 46. Be5 Qh7 47. Qg5 c2 48. h5 1-0

[Event "Panchenko Memorial 2019"]
[Site "Chelyabinsk"]
[Date "2019.09.16"]
[Round "8.1"]
[White "Volkov, Sergey"]
[Black "Sivuk, Vitaly"]
[Result "1-0"]
[ECO "E15"]
[WhiteElo "2557"]
[BlackElo "2559"]
[Annotator "ChessBase"]
[PlyCount "85"]
[EventDate "2019.09.09"]
[EventType "swiss"]
[EventCountry "RUS"]
[SourceTitle "playchess.com"]
[Source "ChessBase"]
[SourceQuality "1"]
[TimeControl "5400+30"]

1. d4 Nf6 2. c4 e6 3. Nf3 b6 4. g3 c6 5. Bg2 Be7 6. O-O O-O 7. b3 d5 8. Bb2 Bb7 9. Nc3 Na6 10. e3 c5 11. Qe2 dxc4 12. bxc4 Qc8 13. Rfd1 Rd8 14. Rac1 Ne4 15. Nb5 Nc7 16. Ne5 Ne8 17. d5 N8f6 18. Nc6 Bxc6 19. dxc6 Rxd1+ 20. Rxd1 a6 21. Bxf6 Bxf6 22. Bxe4 axb5 23. cxb5 Ra7 24. a4 g6 25. Bc2 Kg7 26. h4 h5 27. Kg2 Qb8 28. f4 Qc8 29. g4 hxg4 30. Qxg4 Kf8 31. Kf2 Qa8 32. h5 gxh5 33. Qxh5 Rc7 34. f5 Qa5 35. Qh6+ Ke7 36. Qf4 e5 37. Qc4 Ke8 38. Bb3 e4 39. Qxe4+ Kf8 40. Qc4 Bg5 41. Kf3 Re7 42. e4 Qa7 43. Qc3 1-0

[Event "Panchenko Memorial 2019"]
[Site "Chelyabinsk"]
[Date "2019.09.16"]
[Round "8.2"]
[White "Nesterov, Arseniy"]
[Black "Zhigalko, Andrey"]
[Result "1/2-1/2"]
[ECO "A41"]
[WhiteElo "2473"]
[BlackElo "2539"]
[Annotator "ChessBase"]
[PlyCount "87"]
[EventDate "2019.09.09"]
[EventType "swiss"]
[EventCountry "RUS"]
[SourceTitle "playchess.com"]
[Source "ChessBase"]
[SourceQuality "1"]
[TimeControl "5400+30"]

1. d4 d6 2. c4 e5 3. d5 Be7 4. Nf3 f5 5. g3 Nf6 6. Bg2 O-O 7. O-O Na6 8. Nc3 h6 9. e4 Nc5 10. exf5 Bxf5 11. Be3 Nce4 12. Nxe4 Nxe4 13. Nd2 Nxd2 14. Qxd2 Bg5 15. f4 exf4 16. Bxf4 Bd7 17. Bxg5 Qxg5 18. Qxg5 hxg5 19. Rxf8+ Rxf8 20. Re1 a5 21. Be4 Kf7 22. Rf1+ Ke7 23. Rxf8 Kxf8 24. Kf2 Ke7 25. Ke3 c5 26. dxc6 bxc6 27. c5 dxc5 28. Kd3 Be6 29. a3 Bd5 30. Bf5 Kd6 31. Bh3 Bf3 32. Kc4 Bd5+ 33. Kd3 Ke5 34. Bf1 g4 35. Ke3 c4 36. Be2 Be6 37. Bd1 g6 38. Ba4 Kd5 39. Bd1 g5 40. Bc2 Ke5 41. Be4 Bd5 42. Bh7 Be6 43. Be4 Bd5 44. Bh7 1/2-1/2

[Event "Panchenko Memorial 2019"]
[Site "Chelyabinsk"]
[Date "2019.09.16"]
[Round "8.3"]
[White "Lobanov, Sergei"]
[Black "Tologontegin, Semetey"]
[Result "1-0"]
[ECO "B06"]
[WhiteElo "2515"]
[BlackElo "2369"]
[Annotator "ChessBase"]
[PlyCount "157"]
[EventDate "2019.09.09"]
[EventType "swiss"]
[EventCountry "RUS"]
[SourceTitle "playchess.com"]
[Source "ChessBase"]
[SourceQuality "1"]
[TimeControl "5400+30"]

1. e4 g6 2. d4 Bg7 3. Nc3 c6 4. f4 d5 5. e5 Nh6 6. Nf3 Bg4 7. h3 Bxf3 8. Qxf3 f6 9. h4 Nf5 10. Ne2 c5 11. g4 Nxd4 12. Nxd4 cxd4 13. exf6 exf6 14. Bd2 Nc6 15. O-O-O Qd6 16. Re1+ Kf7 17. Bd3 Rhe8 18. Ref1 Rad8 19. a3 Qc7 20. h5 Na5 21. hxg6+ hxg6 22. Rh7 Nb3+ 23. Kd1 Nxd2 24. Kxd2 Qa5+ 25. Kd1 Re3 26. Bxg6+ Kxg6 27. Qh1 Kf7 28. Qh5+ Kf8 29. Qg6 Qc7 30. Rfh1 Qf7 31. Rh8+ Bxh8 32. Rxh8+ Ke7 33. Qxf7+ Kxf7 34. Rxd8 Re4 35. Rxd5 Ke6 36. Rf5 b6 37. Kd2 Re3 38. Rh5 Rg3 39. g5 fxg5 40. Rxg5 Rf3 41. Rg7 Rxf4 42. Rxa7 Kd5 43. Rd7+ Kc5 44. Rc7+ Kd5 45. b3 Rf1 46. a4 Rh1 47. Rg7 Rh2+ 48. Kc1 Kc6 49. Rg8 Rh3 50. Rd8 Rh4 51. Rc8+ Kd7 52. Rc4 Kd6 53. Kb2 Kd5 54. Ka3 Rh3 55. Rc8 Kd6 56. Kb4 Kd7 57. Rc4 Rh5 58. Rxd4+ Kc6 59. Rg4 Rf5 60. c4 Rf3 61. Rg6+ Kb7 62. Rg5 Ka6 63. a5 bxa5+ 64. Rxa5+ Kb6 65. Rh5 Rg3 66. Rh6+ Kb7 67. c5 Rf3 68. Kc4 Rg3 69. b4 Rg7 70. Kb5 Rf7 71. Rd6 Ka7 72. Kc6 Ka6 73. b5+ Ka5 74. b6 Ka6 75. Rd7 Rf6+ 76. Kc7 Rf8 77. b7 Ka7 78. c6 Rh8 79. Rd8 1-0

[Event "Panchenko Memorial 2019"]
[Site "Chelyabinsk"]
[Date "2019.09.16"]
[Round "8.4"]
[White "Vokarev, Sergey"]
[Black "Stupak, Kirill"]
[Result "1/2-1/2"]
[ECO "C01"]
[WhiteElo "2443"]
[BlackElo "2551"]
[Annotator "ChessBase"]
[PlyCount "56"]
[EventDate "2019.09.09"]
[EventType "swiss"]
[EventCountry "RUS"]
[SourceTitle "playchess.com"]
[Source "ChessBase"]
[SourceQuality "1"]
[TimeControl "5400+30"]

1. e4 e6 2. d4 d5 3. exd5 exd5 4. Nf3 Nc6 5. Bb5 Bd6 6. c4 dxc4 7. d5 a6 8. Ba4 b5 9. dxc6 bxa4 10. O-O Ne7 11. Nbd2 Nxc6 12. Qxa4 Bd7 13. Nxc4 Be7 14. Qc2 O-O 15. a3 Qc8 16. Nce5 Nxe5 17. Nxe5 Bf5 18. Nc6 Bxc2 19. Nxe7+ Kh8 20. Nxc8 Raxc8 21. Re1 Rfe8 22. Rxe8+ Rxe8 23. Bd2 Ba4 24. Re1 Rxe1+ 25. Bxe1 Bb5 26. Bd2 Ba4 27. Be1 Bb5 28. Bd2 Ba4 1/2-1/2

[Event "Panchenko Memorial 2019"]
[Site "Chelyabinsk"]
[Date "2019.09.16"]
[Round "8.6"]
[White "Nugumanov, Bakhtiyar"]
[Black "Gabrielian, Artur"]
[Result "0-1"]
[ECO "B50"]
[WhiteElo "2387"]
[BlackElo "2466"]
[Annotator "ChessBase"]
[PlyCount "86"]
[EventDate "2019.09.09"]
[EventType "swiss"]
[EventCountry "RUS"]
[SourceTitle "playchess.com"]
[Source "ChessBase"]
[SourceQuality "1"]
[TimeControl "5400+30"]

1. e4 c5 2. Nf3 d6 3. Bc4 Nc6 4. c3 Nf6 5. d3 g6 6. O-O Bg7 7. Re1 O-O 8. Bb3 b5 9. h3 Bb7 10. Nbd2 b4 11. Nf1 Nd7 12. d4 bxc3 13. bxc3 cxd4 14. cxd4 Rb8 15. Rb1 Na5 16. Bc2 Qc7 17. Bg5 Rfc8 18. Rc1 Nc6 19. Bb3 Qb6 20. Ne3 Nxd4 21. Rxc8+ Rxc8 22. Nxd4 Bxd4 23. Bxe7 Re8 24. Nc4 Bxf2+ 25. Kh1 Qb4 26. Rf1 Rxe7 27. Rxf2 Rxe4 28. Kh2 d5 29. Qf3 Qe7 30. Na5 Nc5 31. Qg3 Nxb3 32. axb3 Bc8 33. Rc2 Bf5 34. Rc7 Qf6 35. Rxa7 Re2 36. Ra8+ Kg7 37. Qb8 Rxg2+ 38. Kxg2 Be4+ 39. Kg1 Qd4+ 40. Kf1 Qd1+ 41. Kf2 Qd2+ 42. Kf1 Bd3+ 43. Kg1 Qe1+ 0-1

[Event "Panchenko Memorial 2019"]
[Site "Chelyabinsk"]
[Date "2019.09.16"]
[Round "8.7"]
[White "Korneev, Oleg"]
[Black "Radzhabov, Rodion"]
[Result "1/2-1/2"]
[ECO "B47"]
[WhiteElo "2511"]
[BlackElo "2384"]
[Annotator "ChessBase"]
[PlyCount "120"]
[EventDate "2019.09.09"]
[EventType "swiss"]
[EventCountry "RUS"]
[SourceTitle "playchess.com"]
[Source "ChessBase"]
[SourceQuality "1"]
[TimeControl "5400+30"]

1. e4 c5 2. Nf3 Nc6 3. d4 cxd4 4. Nxd4 Qc7 5. Nc3 e6 6. Be2 a6 7. O-O Nf6 8. Be3 Bb4 9. Na4 Be7 10. Nxc6 bxc6 11. Nb6 Rb8 12. Nxc8 Qxc8 13. Bd4 Qc7 14. e5 Nd5 15. c4 Nf4 16. g3 Ng6 17. Qd2 c5 18. Bc3 O-O 19. Rad1 Nxe5 20. f4 Nc6 21. Qxd7 Qxd7 22. Rxd7 Rfd8 23. Rc7 Rdc8 24. Rxc8+ Rxc8 25. f5 Nd4 26. Bxd4 cxd4 27. Kg2 e5 28. Kf3 a5 29. Ke4 f6 30. Bd1 Kf8 31. Kd3 Rb8 32. Rf2 Ke8 33. Ba4+ Kd8 34. Rc2 Bc5 35. Bc6 Kc7 36. Be4 Kd6 37. g4 h6 38. h4 Ke7 39. Rg2 Kd7 40. Kc2 Be7 41. Rg3 Rb4 42. Bd5 Kd6 43. a3 Rb6 44. Rb3 Rxb3 45. Kxb3 Kc5 46. Kc2 Bf8 47. Kd3 Bd6 48. Bf3 Bc7 49. Be2 Bd8 50. Ke4 Bc7 51. Bd3 Bb8 52. Kf3 Bc7 53. Ke2 e4 54. Bxe4 Kxc4 55. Bc2 Bf4 56. a4 Bc1 57. Bd3+ Kb4 58. Bb5 Bxb2 59. Kd3 Kc5 60. h5 Bc1 1/2-1/2

[Event "Panchenko Memorial 2019"]
[Site "Chelyabinsk"]
[Date "2019.09.16"]
[Round "8.8"]
[White "Shaposhnikov, Evgeny"]
[Black "Solozhenkin, Evgeniy"]
[Result "1-0"]
[ECO "A46"]
[WhiteElo "2572"]
[BlackElo "2394"]
[Annotator "ChessBase"]
[PlyCount "153"]
[EventDate "2019.09.09"]
[EventType "swiss"]
[EventCountry "RUS"]
[SourceTitle "playchess.com"]
[Source "ChessBase"]
[SourceQuality "1"]
[TimeControl "5400+30"]

1. Nf3 Nf6 2. d4 e6 3. e3 b6 4. Bd3 Bb7 5. O-O d5 6. c4 Bd6 7. b3 O-O 8. cxd5 exd5 9. Ba3 c5 10. Nc3 Nbd7 11. Nb5 Bb8 12. Rc1 a6 13. Nc3 Re8 14. dxc5 Nxc5 15. Bf5 g6 16. Bh3 Bd6 17. Bb2 Bf8 18. Qc2 Qe7 19. Rfd1 Nce4 20. Nxe4 dxe4 21. Qc3 exf3 22. Qxf6 Qxf6 23. Bxf6 Be7 24. Rc7 Bxf6 25. Rxb7 Rab8 26. Ra7 Ra8 27. Rdd7 Rxa7 28. Rxa7 Rd8 29. Bd7 fxg2 30. Kxg2 Kf8 31. f4 g5 32. Kf3 gxf4 33. Kxf4 a5 34. Kf5 Bh4 35. e4 h6 36. a4 Rb8 37. e5 Bg5 38. h3 Bh4 39. Ke4 Be7 40. Kf5 Bg5 41. Kg4 Rd8 42. h4 Bd2 43. Kf5 Be1 44. h5 Bd2 45. Rb7 Be3 46. Ke4 Bg1 47. Kd5 Bh2 48. e6 Bg1 49. Ke5 Bc5 50. exf7 Kxf7 51. Be6+ Ke8 52. Rh7 Be3 53. Bd5 Kf8 54. Rf7+ Ke8 55. Rh7 Kf8 56. Ke6 Kg8 57. Rc7 Bg5 58. Rc6 Rb8 59. Kd7+ Kg7 60. Rg6+ Kh8 61. Kc6 Be3 62. Re6 Rc8+ 63. Kb7 Rc3 64. Rg6 Rc5 65. Rd6 Kg7 66. Ka6 Bf2 67. Rg6+ Kf8 68. Rxh6 Rxd5 69. Rf6+ Ke7 70. Rxf2 Rxh5 71. Kxb6 Rh3 72. Rb2 Rh5 73. Rb1 Kd7 74. Rd1+ Ke7 75. Rd3 Rg5 76. Rc3 Kd7 77. Rc5 1-0

[Event "Panchenko Memorial 2019"]
[Site "Chelyabinsk"]
[Date "2019.09.16"]
[Round "8.9"]
[White "Frolyanov, Dmitry"]
[Black "Berzinsh, Roland"]
[Result "1-0"]
[ECO "C92"]
[WhiteElo "2556"]
[BlackElo "2376"]
[Annotator "ChessBase"]
[PlyCount "59"]
[EventDate "2019.09.09"]
[EventType "swiss"]
[EventCountry "RUS"]
[SourceTitle "playchess.com"]
[Source "ChessBase"]
[SourceQuality "1"]
[TimeControl "5400+30"]

1. e4 e5 2. Nf3 Nc6 3. Bb5 a6 4. Ba4 Nf6 5. O-O Be7 6. Re1 b5 7. Bb3 d6 8. c3 O-O 9. h3 Bb7 10. d4 Nd7 11. Nbd2 exd4 12. cxd4 Bf6 13. Nf1 Na5 14. Bc2 Re8 15. Rb1 c5 16. d5 Nc4 17. b3 Nce5 18. N3h2 Nb6 19. Ng3 g6 20. Rf1 b4 21. f4 Ned7 22. Ng4 Bg7 23. f5 Ne5 24. Nh6+ Bxh6 25. Bxh6 Qh4 26. Bf4 g5 27. Bxe5 Rxe5 28. Nh5 Nd7 29. g3 Qxh3 30. Rf2 1-0

[Event "Panchenko Memorial 2019"]
[Site "Chelyabinsk"]
[Date "2019.09.16"]
[Round "8.10"]
[White "Salemgareev, Tagir"]
[Black "Tsvetkov, Andrey"]
[Result "1/2-1/2"]
[ECO "D43"]
[WhiteElo "2457"]
[BlackElo "2373"]
[Annotator "ChessBase"]
[PlyCount "108"]
[EventDate "2019.09.09"]
[EventType "swiss"]
[EventCountry "RUS"]
[SourceTitle "playchess.com"]
[Source "ChessBase"]
[SourceQuality "1"]
[TimeControl "5400+30"]

1. d4 d5 2. c4 e6 3. Nf3 Nf6 4. Nc3 c6 5. Bg5 h6 6. Bxf6 Qxf6 7. e3 Nd7 8. Bd3 dxc4 9. Bxc4 g6 10. O-O Bg7 11. Re1 O-O 12. e4 Qe7 13. e5 Rd8 14. Bd3 b5 15. Qe2 Rb8 16. Rac1 c5 17. Nxb5 Bb7 18. Nd6 Bxf3 19. Qxf3 cxd4 20. Nc4 Rb5 21. Qg3 Nb6 22. Nxb6 Rxb6 23. Re2 Qb7 24. b3 Rc6 25. Rxc6 Qxc6 26. Rc2 Qb7 27. f4 Rc8 28. Qf3 Qd7 29. Bc4 d3 30. Rd2 Qd4+ 31. Kh1 Qa1+ 32. Rd1 Qxa2 33. Qxd3 Qa5 34. g3 Qb6 35. Kg2 Qc6+ 36. Kh3 Bf8 37. Qd7 Qxd7 38. Rxd7 Bc5 39. g4 Bb6 40. f5 gxf5 41. gxf5 Rc5 42. fxe6 fxe6 43. Bxe6+ Kf8 44. Rf7+ Ke8 45. Rh7 Rxe5 46. Rxh6 Kf8 47. Bc4 Kg7 48. Rh4 Bc7 49. Rd4 Kf6 50. Kh4 Re7 51. h3 Rh7+ 52. Kg4 Rg7+ 53. Kf3 Rg3+ 54. Ke4 Rxh3 1/2-1/2

[Event "Panchenko Memorial 2019"]
[Site "Chelyabinsk"]
[Date "2019.09.17"]
[Round "9.2"]
[White "Sivuk, Vitaly"]
[Black "Nesterov, Arseniy"]
[Result "0-1"]
[ECO "D11"]
[WhiteElo "2559"]
[BlackElo "2473"]
[Annotator "ChessBase"]
[PlyCount "124"]
[EventDate "2019.09.09"]
[EventType "swiss"]
[EventCountry "RUS"]
[SourceTitle "playchess.com"]
[Source "ChessBase"]
[SourceQuality "1"]
[TimeControl "5400+30"]

1. d4 d5 2. c4 c6 3. Nf3 Nf6 4. e3 Bg4 5. h3 Bh5 6. g4 Bg6 7. Ne5 Be4 8. f3 Bxb1 9. Rxb1 e6 10. Qb3 Qb6 11. Bd2 Nbd7 12. Qxb6 axb6 13. Nxd7 Nxd7 14. a3 dxc4 15. Bxc4 b5 16. Bb3 e5 17. dxe5 Nxe5 18. Ke2 Bd6 19. Bc3 O-O-O 20. Rhd1 Rhe8 21. Rd4 Bc5 22. Rxd8+ Kxd8 23. Rd1+ Kc7 24. e4 f6 25. f4 Nd7 26. Kf3 g5 27. e5 fxe5 28. fxg5 Rf8+ 29. Kg2 Rf2+ 30. Kg3 e4 31. Be6 Rf3+ 32. Kg2 Bd6 33. h4 Rg3+ 34. Kf1 Ne5 35. Ba5+ b6 36. Bxb6+ Kxb6 37. Rxd6 Rf3+ 38. Ke2 Kc5 39. Rd8 Ng6 40. b4+ Kb6 41. Bf5 Nf4+ 42. Kd1 e3 43. Re8 Rf1+ 44. Kc2 e2 45. Bxh7 e1=Q 46. Rxe1 Rxe1 47. Bf5 Rh1 48. g6 Rh2+ 49. Kb3 Nxg6 50. Bxg6 Rxh4 51. Bf5 Rh3+ 52. Kb2 Rg3 53. Be6 Kc7 54. Bf5 Kd6 55. Bc8 Kd5 56. Bd7 Re3 57. Bf5 Kc4 58. g5 Re5 59. Bd7 Re2+ 60. Kc1 Kc3 61. Kb1 Kb3 62. Kc1 Re7 0-1

[Event "Panchenko Memorial 2019"]
[Site "Chelyabinsk"]
[Date "2019.09.17"]
[Round "9.3"]
[White "Zhigalko, Andrey"]
[Black "Lobanov, Sergei"]
[Result "1/2-1/2"]
[ECO "C92"]
[WhiteElo "2539"]
[BlackElo "2515"]
[Annotator "ChessBase"]
[PlyCount "102"]
[EventDate "2019.09.09"]
[EventType "swiss"]
[EventCountry "RUS"]
[SourceTitle "playchess.com"]
[Source "ChessBase"]
[SourceQuality "1"]
[TimeControl "5400+30"]

1. e4 e5 2. Nf3 Nc6 3. Bb5 a6 4. Ba4 Nf6 5. O-O Be7 6. Re1 b5 7. Bb3 d6 8. c3 O-O 9. h3 Re8 10. Ng5 Rf8 11. Nf3 Re8 12. d4 Bb7 13. Ng5 Rf8 14. Nf3 Re8 15. Nbd2 Bf8 16. a3 h6 17. Bc2 Nb8 18. a4 Nbd7 19. Bd3 c6 20. Qc2 Qc7 21. b3 d5 22. dxe5 Nxe5 23. Nxe5 Rxe5 24. c4 bxc4 25. bxc4 dxe4 26. Nxe4 Nxe4 27. Bxe4 f5 28. Bf4 fxe4 29. Rxe4 Rae8 30. c5 Bxc5 31. Rae1 Rxe4 32. Rxe4 Bxf2+ 33. Kxf2 Rf8 34. Kg3 Qd7 35. Qb3+ Kh8 36. Qe6 Qxe6 37. Rxe6 Rf7 38. Be5 Kh7 39. Bd6 Bc8 40. Re7 Kg6 41. Rxf7 Kxf7 42. Kf4 Ke6 43. Bf8 g5+ 44. Ke4 h5 45. Kd4 h4 46. Kc5 Kf5 47. Kxc6 Be6 48. Bd6 Bc4 49. g3 hxg3 50. Bxg3 Bf1 51. Kb6 Bxh3 1/2-1/2

[Event "Panchenko Memorial 2019"]
[Site "Chelyabinsk"]
[Date "2019.09.17"]
[Round "9.4"]
[White "Radzhabov, Rodion"]
[Black "Shaposhnikov, Evgeny"]
[Result "1/2-1/2"]
[ECO "B30"]
[WhiteElo "2384"]
[BlackElo "2572"]
[Annotator "ChessBase"]
[PlyCount "80"]
[EventDate "2019.09.09"]
[EventType "swiss"]
[EventCountry "RUS"]
[SourceTitle "playchess.com"]
[Source "ChessBase"]
[SourceQuality "1"]
[TimeControl "5400+30"]

1. e4 c5 2. Nf3 Nc6 3. Bb5 d6 4. O-O Bd7 5. Re1 Nf6 6. c3 a6 7. Bf1 Bg4 8. h3 Bxf3 9. Qxf3 e6 10. d3 Be7 11. Nd2 O-O 12. Qd1 b5 13. Nf3 b4 14. cxb4 Nxb4 15. d4 d5 16. exd5 Nbxd5 17. b3 cxd4 18. Qxd4 Nb4 19. Qxd8 Rfxd8 20. Re2 Nfd5 21. Bb2 Nf4 22. Re4 Nfd3 23. Bd4 Nc2 24. Rd1 Ndb4 25. Rd2 a5 26. a4 Nxd4 27. Rexd4 Rxd4 28. Rxd4 Rd8 29. Bb5 Bf6 30. Rxd8+ Bxd8 31. Ne5 Bc7 32. Nc6 Nxc6 33. Bxc6 Bd6 34. Kf1 Kf8 35. Ke2 Ke7 36. Bb5 f5 37. Bd3 Kf6 38. Bc4 g5 39. g4 h6 40. Kf3 Bb4 {[%emt 0:00:06] Ke4 Ke5+} 1/2-1/2

[Event "Panchenko Memorial 2019"]
[Site "Chelyabinsk"]
[Date "2019.09.17"]
[Round "9.5"]
[White "Tologontegin, Semetey"]
[Black "Frolyanov, Dmitry"]
[Result "0-1"]
[ECO "A45"]
[WhiteElo "2369"]
[BlackElo "2556"]
[Annotator "ChessBase"]
[PlyCount "94"]
[EventDate "2019.09.09"]
[EventType "swiss"]
[EventCountry "RUS"]
[SourceTitle "playchess.com"]
[Source "ChessBase"]
[SourceQuality "1"]
[TimeControl "5400+30"]

1. d4 Nf6 2. Nc3 d5 3. Bf4 a6 4. e3 c5 5. dxc5 Qa5 6. Qd2 e6 7. Bd6 Bxd6 8. cxd6 O-O 9. Nf3 Nc6 10. g4 Ne8 11. e4 Nxd6 12. exd5 exd5 13. O-O-O Be6 14. a3 Ne4 15. Nxe4 dxe4 16. Qxa5 Nxa5 17. Ng5 Bxg4 18. Rd5 Rad8 19. c4 Rxd5 20. cxd5 Rc8+ 21. Kd2 h6 22. Rg1 Bf5 23. Bh3 Nc4+ 24. Ke2 Bxh3 25. Nxh3 Nd6 26. Kd2 Kf8 27. Nf4 g5 28. Ne2 Nc4+ 29. Kc3 Nxa3+ 30. Kd4 Nb5+ 31. Ke5 Ke7 32. h4 Nd6 33. hxg5 hxg5 34. Rh1 Rc4 35. Rh6 Ne8 36. Ng3 f6+ 37. Kf5 Kf7 38. Rh7+ Ng7+ 39. Rxg7+ Kxg7 40. Ke6 Kf8 41. Nf5 Rc2 42. d6 Ke8 43. b4 Rxf2 44. d7+ Kd8 45. Nd6 Rd2 46. Nxb7+ Kc7 47. Nc5 e3 0-1

[Event "Panchenko Memorial 2019"]
[Site "Chelyabinsk"]
[Date "2019.09.17"]
[Round "9.7"]
[White "Yudin, Sergei"]
[Black "Vokarev, Sergey"]
[Result "1-0"]
[ECO "C50"]
[WhiteElo "2494"]
[BlackElo "2443"]
[Annotator "ChessBase"]
[PlyCount "75"]
[EventDate "2019.09.09"]
[EventType "swiss"]
[EventCountry "RUS"]
[SourceTitle "playchess.com"]
[Source "ChessBase"]
[SourceQuality "1"]
[TimeControl "5400+30"]

1. e4 e5 2. Nf3 Nc6 3. Bc4 Bc5 4. O-O Nf6 5. d3 h6 6. c3 d6 7. a4 a5 8. Re1 O-O 9. h3 Be6 10. b3 Ba7 11. Na3 Ne7 12. Bxe6 fxe6 13. Nc4 Nc6 14. d4 exd4 15. cxd4 d5 16. exd5 exd5 17. Nce5 Nxe5 18. Nxe5 Nd7 19. Ba3 Rf4 20. Ng6 Rxd4 21. Qc2 Qg5 22. Bc1 Qh5 23. Be3 Re4 24. Bxa7 Qxg6 25. Rxe4 Qxe4 26. Qxc7 Rxa7 27. Qxd7 Qd4 28. Qc8+ Kh7 29. Re1 Qf4 30. Qc2+ Kg8 31. Re8+ Kf7 32. Qc8 Qd6 33. Rd8 Qe5 34. Rf8+ Kg6 35. f4 Qe4 36. Qd8 Qe3+ 37. Kh2 Qe2 38. Qb6+ 1-0

[Event "Panchenko Memorial 2019"]
[Site "Chelyabinsk"]
[Date "2019.09.17"]
[Round "9.8"]
[White "Bezgodov, Alexei"]
[Black "Salemgareev, Tagir"]
[Result "0-1"]
[ECO "B32"]
[WhiteElo "2453"]
[BlackElo "2457"]
[Annotator "ChessBase"]
[PlyCount "74"]
[EventDate "2019.09.09"]
[EventType "swiss"]
[EventCountry "RUS"]
[SourceTitle "playchess.com"]
[Source "ChessBase"]
[SourceQuality "1"]
[TimeControl "5400+30"]

1. e4 c5 2. Nf3 Nc6 3. d4 cxd4 4. Nxd4 e5 5. Nb5 d6 6. c4 Be7 7. N1c3 a6 8. Na3 f5 9. Bd3 f4 10. g4 Bh4 11. Nc2 Nf6 12. h3 O-O 13. Qf3 Nd7 14. Rf1 Nc5 15. Bd2 Ne6 16. Nd5 Ned4 17. Qd1 Nxc2+ 18. Bxc2 h5 19. Bc3 hxg4 20. hxg4 Qg5 21. Nb6 Bxg4 22. Qd5+ Kh8 23. Nxa8 Rxa8 24. Bd1 Bh3 25. Bf3 Bxf1 26. Kxf1 Qe7 27. b4 g6 28. b5 axb5 29. cxb5 Nd8 30. Bb4 Nf7 31. Bd1 Qd7 32. Qd3 Kg7 33. a4 Rh8 34. Qf3 Ng5 35. Qg4 Qc7 36. Be2 f3 37. Bd3 Bg3 0-1